[Event "*** Titled Tuesday Blitz"]
[Site "Chess.com"]
[Date "2021.03.30"]
[Round "8"]
[White "GianmarcoVaR"]
[Black "NateSolon"]
[Result "0-1"]
[WhiteElo "2739"]
[BlackElo "2586"]
[TimeControl "180+1"]
[EndTime "11:29:05 PDT"]
[Termination "NateSolon won on time"]

1. Nf3 d5 2. g3 g6 3. Bg2 Bg7 4. O-O e5 5. d3 Ne7 6. c4 c6 7. Nc3 O-O 8. Rb1 h6 9. a3 Be6 10. Qb3 Qd7 11. Rd1 Na6 12. Qc2 d4 13. Na4 Rac8 14. b4 b5 15. Nb2 c5 16. Bd2 cxb4 17. axb4 Nd5 18. Ra1 Ndxb4 19. Qb3 bxc4 20. Nxc4 Bxc4 21.
dxc4 Rb8 22. Qa4 Qc7 23. Rdb1 Qxc4 24. Bf1 e4 25. Nh4 Rfc8 26. Rc1 Qe6 27. Rxc8+ Qxc8 28. Bxb4 Nxb4 29. Qxa7 d3 30. Rd1 Ra8 31. Qe3 Qc2 32.
Rc1 Qb2 33. Qxe4 Rd8 34. Rd1 d2 35. Nf3 Qc1 36. Qxb4 Qxd1 37. Qa5 Rd6 0-1

[Event "*** Titled Tuesday Blitz"]
[Site "Chess.com"]
[Date "2021.03.30"]
[Round "8"]
[White "MasterKroket"]
[Black "sokidze"]
[Result "1-0"]
[WhiteElo "2536"]
[BlackElo "2758"]
[TimeControl "180+1"]
[EndTime "11:29:05 PDT"]
[Termination "MasterKroket won by checkmate"]

1. d4 Nf6 2. c4 e6 3. Nf3 b6 4. a3 Bb7 5. Nc3 Ne4 6. Qc2 Nxc3 7. Qxc3 Be7 8. Bf4 O-O 9. e3 d6 10. Be2 f5 11. h3 Nd7 12. O-O Nf6 13. Nd2 Qe8 14. Bf3 Ne4 15. Nxe4 fxe4 16. Bg4 Bf6 17. Qc2 h5 18. Be2 g5 19. Bg3 Qg6 20. f4 Kg7 21. c5 gxf4 22. Bxf4 bxc5 23. dxc5 e5 24. Bh2 Bc8 25. cxd6 cxd6 26. Kh1 Rf7 27. Bc4 Rc7 28. Qb3 Bd7 29. Qb4 Be8 30. Bd5 Rd8 31. Rf2 Bf7 32. Qd2 Bxd5 33. Qxd5 Rf7 34. Raf1 Rdf8 35. Qxd6 Qh6 36.
Rxf6 Rxf6 37. Bxe5 Qxe3 38. Qe7+ Kg6 39. Rxf6+ Kg5 40. Qg7+ Kh4 41. Qg3+ Qxg3 42. Bxg3+ Kxg3 43. Rxf8 e3 44. Kg1 h4 45. Rf3# 1-0

[Event "*** Titled Tuesday Blitz"]
[Site "Chess.com"]
[Date "2021.03.30"]
[Round "8"]
[White "WPWPWP-2015"]
[Black "wadsy27"]
[Result "0-1"]
[WhiteElo "2468"]
[BlackElo "2573"]
[TimeControl "180+1"]
[EndTime "11:29:05 PDT"]
[Termination "wadsy27 won on time"]

1. e4 c5 2. Nc3 e6 3. f4 Nc6 4. Nf3 Nf6 5. Bb5 d5 6. Bxc6+ bxc6 7.
d3 Be7 8. O-O Ba6 9. e5 Nd7 10.
Qe1 c4 11. d4 c5 12. Be3 Qb6 13. Rb1 cxd4 14. Bxd4 Bc5 15. Qe3 Bxd4 16. Qxd4 Qxd4+ 17. Nxd4 g6 18. Kf2 Nc5 19. Ke3 Kd7 20. Rfd1 Rab8 21. Nf3 Rb6 22. h4 Ke7 23. Kd4 Nd7 24.
Rd2 Rhb8 25. Nd1 c3 26. Rf2 cxb2 27. c3 Rc8 28. Rfxb2 Rc4+ 29. Ke3 Re4+ 30. Kf2 Rxf4 31. Ne3 Ra4 32. Ke1 Bc4 33. Nxc4 Rxc4 34. Kd2 Rxb2+ 35. Rxb2 Nb6 36. Kd3 Rg4 37. Rb5 Rxg2 38. Ra5 Rg3 39. Ke2 Nc4 40. Rxa7+ Kf8 41. Ng5 Nxe5 42. a4 h6 43.
Nxe6+ fxe6 44. a5 Rg2+ 45. Ke3 Ra2 46. a6 Nc6 47. Ra8+ Kf7 48. Kd3 g5 49. hxg5 hxg5 50. c4 dxc4+ 51. Kxc4 Ra5 0-1

[Event "*** Titled Tuesday Blitz"]
[Site "Chess.com"]
[Date "2021.03.30"]
[Round "8"]
[White "noblerone"]
[Black "sganerdene"]
[Result "0-1"]
[WhiteElo "2397"]
[BlackElo "2614"]
[TimeControl "180+1"]
[EndTime "11:29:06 PDT"]
[Termination "sganerdene won by resignation"]

1. d4 d6 2. Nf3 Nf6 3. Bg5 g6 4. Bxf6 exf6 5. g3 Bg7 6. Bg2 f5 7. O-O Nd7 8. e3 Nf6 9. c4 h5 10. h4 Ng4 11. Nc3 O-O 12. Nd5 c6 13. Nf4 Qe7 14.
Qc2 Bd7 15. Rac1 a5 16. c5 d5 17. b3 Rfb8 18. a3 b6 19. b4 axb4 20. axb4 b5 21. Ra1 Bc8 22. Qb2 Ra4 23. Rxa4 bxa4 24. Qa3 Ba6 25.
Rb1 Bb5 26. Nd2 Bh6 27. Nf3 Re8 28. Re1 Qb7 29. Bh3 Bg7 30. Nd3 Qa6 31. Nb2 Bf6 32. Ng5 Kg7 33. Nf3 Re7 34. Nh2 Bxd4 35. Nf3 Bf6 36. Kg2 Re4 37. Nd2 Re8 38. Nf3 Qa7 39. Rd1 Be2 40. Re1 Bb5 41. Rd1 Qc7 42. Nd4 Bxd4 43. Rxd4 Ne5 44. Nd1 Nc4 45. Qa2 a3 46. Nc3 Qb7 47. Nxb5 Qxb5 48. Kg1 Qxb4 49. Bf1 Qb2 50.
Bxc4 dxc4 51. Qxc4 a2 52. Rd7 a1=Q+ 53. Kg2 Qf6 54. Rd6 Re6 55. Rd8 Qxd8 0-1

[Event "*** Titled Tuesday Blitz"]
[Site "Chess.com"]
[Date "2021.03.30"]
[Round "8"]
[White "bolence16"]
[Black "Nesty_Javi_Chess"]
[Result "0-1"]
[WhiteElo "2444"]
[BlackElo "2623"]
[TimeControl "180+1"]
[EndTime "11:29:07 PDT"]
[Termination "Nesty_Javi_Chess won by resignation"]

1. e4 e5 2. Nf3 Nc6 3. d4 exd4 4.
Bc4 g6 5. Bg5 Be7 6. Bxe7 Qxe7 7. O-O d6 8. Nxd4 Nf6 9. Nc3 O-O 10. Nxc6 bxc6 11. Re1 Rb8 12. Bb3 Qe5 13. Qd2 Be6 14. f4 Qc5+ 15. Qe3 Qxe3+ 16. Rxe3 Rfe8 17. h3 c5 18. Bxe6 Rxe6 19. b3 Rbe8 20. Rae1 Kg7 21. Kf2 h5 22. e5 dxe5 23. Rxe5 Rxe5 24. Rxe5 Rxe5 25. fxe5 Nd7 26. Ne4 Nxe5 27. Nxc5 Kf6 28. Ke3 Ke7 29. c4 f5 30. Kd4 Kf6 31. Na6 c6 32. Kc5 f4 33. Kd4 Kf5 34. Nc5 g5 35. b4 g4 36. hxg4+ hxg4 37. b5 f3 38. gxf3 g3 39. Ke3 Nxc4+ 40. Ke2 cxb5 41. Na6 Nd6 42. Nc7 a5 43. Nd5 b4 44. Kf1 Ke5 45. Nb6 Kd4 46.
Kg2 Nf5 47. Na4 Kd3 48. Nb2+ Kc2 49. Nc4 a4 50. Nb6 b3 51. axb3 axb3 52. Nc4 b2 53. Nxb2 Kxb2 54. f4 Kc3 55. Kf3 Kd4 0-1

[Event "*** Titled Tuesday Blitz"]
[Site "Chess.com"]
[Date "2021.03.30"]
[Round "8"]
[White "frenchpin"]
[Black "Rozhkov_V"]
[Result "0-1"]
[WhiteElo "2513"]
[BlackElo "2404"]
[TimeControl "180+1"]
[EndTime "11:29:07 PDT"]
[Termination "Rozhkov_V won on time"]

1. e4 c5 2. Nf3 d6 3. d4 cxd4 4.
Nxd4 Nf6 5. f3 Nc6 6. c4 Nxd4 7. Qxd4 g6 8. Nc3 Bg7 9. Be3 O-O 10. Qd2 Bd7 11.
Be2 a6 12. O-O Rc8 13. Rac1 Bc6 14. b4 Bd7 15. a4 a5 16. bxa5 Qxa5 17. Nd5 Qd8 18. Qb4 Bc6 19. a5 Nd7 20. Bg5 Re8 21. Rfd1 Ra8 22. h4 h6 23. Bd2 Bd4+ 24. Kf1 e6 25.
Bf4 Bc5 26. Qd2 Qxh4 27. Be3 exd5 28. cxd5 Ba4 29. Re1 Bxe3 30. Qxe3 Nc5 31. Rxc5 dxc5 32. Qxc5 Rec8 33. Qb4 Bd7 34. Qxb7 Qh1+ 35. Kf2 Qh4+ 36. Kf1 Be8 37. a6 Rab8 38. Qa7 Rb2 39. Qf2 Qh1+ 40. Qg1 Qxg1+ 41. Kxg1 Rcc2 0-1

[Event "*** Titled Tuesday Blitz"]
[Site "Chess.com"]
[Date "2021.03.30"]
[Round "8"]
[White "Deepweb2020"]
[Black "kuba2006"]
[Result "1-0"]
[WhiteElo "2506"]
[BlackElo "2341"]
[TimeControl "180+1"]
[EndTime "11:29:07 PDT"]
[Termination "Deepweb2020 won on time"]

1. d4 Nf6 2. c4 d6 3. Nf3 Nbd7 4. g3 e5 5. Bg2 Be7 6. O-O O-O 7. Nc3 c6 8. e4 a6 9. h3 Re8 10. Re1 b5 11. a3 bxc4 12. dxe5 Nxe5 13. Nxe5 dxe5 14. Qa4 Be6 15. Qxc6 Qd3 16. Qa4 Bd7 17. Qa5 Qc2 18. Re2 Qb3 19. Bg5 h6 20. Bxf6 Bxf6 21. Nd5 Bd8 22. Qd2 Rb8 23. Rc1 Be6 24. Rc2 Bxd5 25. exd5 Bb6 26. Re4 Bd4 27. Re2 Red8 28. Qc1 a5 29.
Rxc4 Bxb2 30. Qc2 Qxa3 31. Kh2 Bd4 32. f4 Qd6 33. fxe5 Bxe5 34. Qd3 a4 35. Rce4 Bf6 36.
Rxa4 Qc5 37. Rae4 1-0

[Event "*** Titled Tuesday Blitz"]
[Site "Chess.com"]
[Date "2021.03.30"]
[Round "8"]
[White "tteshan"]
[Black "FMalexhdez"]
[Result "1-0"]
[WhiteElo "2329"]
[BlackElo "2215"]
[TimeControl "180+1"]
[EndTime "11:29:07 PDT"]
[Termination "tteshan won on time"]

1. e4 c5 2. Nf3 d6 3. d4 cxd4 4. Nxd4 Nf6 5. Nc3 a6 6. g3 e5 7.
Nde2 Be7 8. Bg2 h5 9. h3 Be6 10. O-O Nbd7 11. Be3 Rc8 12. f4 b5 13. Nd5 Bxd5 14. exd5 Qc7 15. c3 e4 16. a4 Nc5 17.
axb5 axb5 18. Nd4 Qb7 19. Ra5 Nxd5 20. Bf2 Qd7 21. Nxb5 Nb6 22. Bxc5 Rxc5 23. Qe2 f5 24. b4 Rc8 25. Rd1 Nc4 26. Na7 Rc7 27. Ra6 O-O 28.
Rda1 Ra8 29. Qf2 e3 30. Qa2 Rb8 31. Bd5+ Kh7 32. Bxc4 Bf6 33. Qb3 d5 34. Bxd5 Rxc3 35. Qd1 Qe7 36. Re6 Qd7 37. Bf3 Qc7 38. Rc6 Qb7 39. Rxc3 Qxb4 40. Rac1 1-0

[Event "*** Titled Tuesday Blitz"]
[Site "Chess.com"]
[Date "2021.03.30"]
[Round "8"]
[White "Eltaj_Safarli"]
[Black "Jospem"]
[Result "1-0"]
[WhiteElo "2882"]
[BlackElo "2953"]
[TimeControl "180+1"]
[EndTime "11:29:09 PDT"]
[Termination "Eltaj_Safarli won by checkmate"]

1. e4 e5 2. Nf3 Nc6 3. Bb5 a6 4. Ba4 Nf6 5. Nc3 b5 6. Bb3 Be7 7.
a4 b4 8. Nd5 O-O 9. Nxf6+ Bxf6 10. Bd5 Bb7 11. O-O Rb8 12. d3 Ne7 13. Bxb7 Rxb7 14. d4 Ng6 15. Be3 exd4 16. Bxd4 d6 17. Re1 c5 18. Bxf6 Qxf6 19. b3 Re7 20. g3 Rfe8 21. Qd3 h6 22. Rad1 a5 23. h4 Re6 24.
Kg2 Qe7 25. Nd2 d5 26. Qb5 dxe4 27. Nc4 Nxh4+ 28. gxh4 Qxh4 29. Rd6 Qg4+ 30. Kf1 Qh3+ 31.
Kg1 Kh7 32. Re3 Qh4 33. Rxe6 Rxe6 34. Rg3 e3 35. Nxe3 g6 36. Qxc5 Qf4 37. Qd5 Rf6 38.
Qg2 h5 39. Rh3 Re6 40. Rf3 Qc7 41. Qg5 Re5 42. Rxf7+ Qxf7 43. Qxe5 Qd7 44. Qf4 Qe7 45. Kg2 Qb7+ 46. Qf3 Qc7 47. Nd5 Qxc2 48. Qf7+ Kh6 49. Qf8+ Kh7 50. Nf6# 1-0

[Event "*** Titled Tuesday Blitz"]
[Site "Chess.com"]
[Date "2021.03.30"]
[Round "8"]
[White "Andrii_Prydun"]
[Black "djano"]
[Result "0-1"]
[WhiteElo "2272"]
[BlackElo "2436"]
[TimeControl "180+1"]
[EndTime "11:29:09 PDT"]
[Termination "djano won on time"]

1. d4 Nf6 2. Nc3 d5 3. Bf4 a6 4.
e3 g6 5. h4 h5 6. Nf3 Bg4 7.
Ke2 Nbd7 8. Kd2 b5 9. Qc1 b4 10. Nd1 c5 11. c3 Rc8 12. Bxa6 Ra8 13. Bb5 Bg7 14. Ne5 O-O 15. cxb4 cxd4 16. exd4 Qb6 17.
Bxd7 Qxd4+ 18. Ke1 Nxd7 19. Nxd7 Bxd7 20. a3 e5 21. Be3 Qe4 22. f3 Qf5 23. Qb1 Qe6 24.
Bc5 Rfe8 25. Kf2 e4 26. fxe4 Qg4 27. g3 Rxe4 28. Ne3 Qe6 29. Re1 Re8 30. Qd3 Qh3 31. Nf1 Bc6 32. Rxe4 dxe4 33. Qe3 Rd8 34. Rc1 Rd3 35.
Qe2 e3+ 36. Ke1 Bb5 37. a4 Rc3 38. Rxc3 Bxe2 0-1

[Event "*** Titled Tuesday Blitz"]
[Site "Chess.com"]
[Date "2021.03.30"]
[Round "8"]
[White "Cptn2"]
[Black "vovachesss"]
[Result "1-0"]
[WhiteElo "2518"]
[BlackElo "2638"]
[TimeControl "180+1"]
[EndTime "11:29:11 PDT"]
[Termination "Cptn2 won by resignation"]

1. e4 Nf6 2. e5 Nd5 3. d4 d6 4. c4 Nb6 5. Nf3 Nc6 6. exd6 exd6 7. Nc3 Be7 8. d5 Ne5 9. Nxe5 dxe5 10. Be3 O-O 11.
c5 Nd7 12. d6 cxd6 13. cxd6 Bg5 14. Qd2 Bxe3 15. Qxe3 Nf6 16. Rd1 Ng4 17. Qg3 Nh6 18. Bd3 Bf5 19. O-O Qf6 20. Qf3 Qe6 21. Qxb7 Rab8 22.
Qxa7 Rxb2 23. a4 Bxd3 24. Rxd3 Nf5 25. Nb5 Qc4 26. Rc3 Qd5 27. Qc5 Qe4 28. Rc4 Qd3 29.
Rcc1 h6 30. Qxe5 Nh4 31. Qxb2 Qg6 32. f3 Re8 33. Rce1 Rd8 34. Qf2 Nf5 35. Rd1 Rd7 36. a5 Qe6 37. a6 Qc4 38. Nc7 Nxd6 39. a7 Rd8 40. Rxd6 Rc8 41. a8=Q Rxa8 42. Nxa8 Qc5 1-0

[Event "*** Titled Tuesday Blitz"]
[Site "Chess.com"]
[Date "2021.03.30"]
[Round "8"]
[White "Mikhail_Golubev"]
[Black "ChessQueen"]
[Result "0-1"]
[WhiteElo "2548"]
[BlackElo "2713"]
[TimeControl "180+1"]
[EndTime "11:29:14 PDT"]
[Termination "ChessQueen won by resignation"]

1. e4 c6 2. d4 d5 3. Nc3 dxe4 4. Nxe4 Nf6 5. Nxf6+ exf6 6. c3 Bd6 7. Bd3 Na6 8.
Ne2 Nc7 9. Qc2 h5 10. Bf4 Kf8 11. Qd2 Be6 12. Bxd6+ Qxd6 13. Qf4 Rd8 14. Qxd6+ Rxd6 15. O-O-O Bxa2 16. Kc2 Be6 17. h4 g6 18. Nf4 Kg7 19.
Rhe1 Rhd8 20. Ra1 a6 21. Rad1 a5 22. Ra1 b6 23. Be4 Ra8 24. Kc1 a4 25. Bc2 b5 26.
Nd3 Re8 27. Nc5 Rdd8 28. Kd2 Bd5 29. g3 Ne6 30. Nb7 Rb8 31. Nd6 Red8 32. Ne4 Bc4 33. Ke3 Rd5 34. Nd2 c5 35. Nxc4 cxd4+ 36. cxd4 bxc4 37. Rxa4 Rxd4 38. b3 cxb3 39. Rxd4 Nxd4 40. Kxd4 bxc2 41. Rc1 Rc8 42. Kd3 g5 43. Rxc2 Rxc2 44.
Kxc2 Kg6 45. Kd3 Kf5 46. Ke3 gxh4 47. gxh4 Kg4 48. Ke4 Kxh4 49. Kf4 Kh3 50. Kf5 h4 51. Kxf6 Kg4 0-1

[Event "*** Titled Tuesday Blitz"]
[Site "Chess.com"]
[Date "2021.03.30"]
[Round "8"]
[White "deribas12345"]
[Black "Shuvalov"]
[Result "1-0"]
[WhiteElo "2613"]
[BlackElo "2433"]
[TimeControl "180+1"]
[EndTime "11:29:14 PDT"]
[Termination "deribas12345 won by checkmate"]

1. Nf3 Nf6 2. g3 d5 3. Bg2 c6 4.
d3 Bg4 5. O-O e6 6. h3 Bh5 7. Nbd2 Nbd7 8. e4 Bc5 9. g4 Bg6 10. e5 Ng8 11. d4 Bb6 12. Nb3 a5 13. a4 Ne7 14. Be3 h5 15. Nh4 hxg4 16. Nxg6 Nxg6 17.
Qxg4 Qh4 18. f4 Ne7 19. Bf2 Qh7 20. c4 Qc2 21. cxd5 cxd5 22. Qf3 Qg6 23. Rac1 Nf5 24. Qg4 Rh6 25. Nc5 Qh7 26. Nxd7 Kxd7 27. Qe2 Ra6 28.
Qb5+ Kd8 29. Rc8+ Kxc8 30. Qe8+ Bd8 31. Rc1+ Rc6 32. Rxc6+ bxc6 33. Qxc6+ Kb8 34. Qb5+ Kc7 35. Qxa5+ Kc8 36. Qa6+ Kb8 37. Qb5+ Kc8 38. Qc6+ Bc7 39. Bf1 Rg6+ 40. Kh2 Nh4 41. Qa8+ Kd7 42. Bb5+ Ke7 43. Qe8# 1-0

[Event "*** Titled Tuesday Blitz"]
[Site "Chess.com"]
[Date "2021.03.30"]
[Round "8"]
[White "VladimirBugayev"]
[Black "Nachsueb"]
[Result "0-1"]
[WhiteElo "2274"]
[BlackElo "2174"]
[TimeControl "180+1"]
[EndTime "11:29:14 PDT"]
[Termination "Nachsueb won on time"]

1. e4 c5 2. Nc3 e6 3. f4 Nc6 4. Bb5 Nd4 5. Nf3 a6 6. Bd3 Nc6 7. O-O b5 8. b3 d6 9. Bb2 Nf6 10. a4 b4 11. Ne2 Be7 12. h3 Qc7 13. Qe1 Bb7 14. e5 dxe5 15. fxe5 Nd5 16. Ng3 Nf4 17. Be4 Ng6 18. Qe2 O-O 19. Rae1 Rad8 20. Bxg6 hxg6 21. d3 Nd4 22. Bxd4 cxd4 23. Ne4 Rd7 24. Rf2 Rc8 25.
Ref1 Rf8 26. Nfg5 Bxg5 27. Nxg5 Rd5 28. Qg4 Qxe5 29. Rf5 exf5 30. Qh4 Qe3+ 31. Kh1 Re8 32. Qh7+ Kf8 33. h4 Qg3 34. Qh8+ Ke7 35. Qxg7 Qxh4+ 36.
Nh3 Kd7 37. Qxf7+ Qe7 38. Qxg6 Rh8 39. Kg1 Rd6 40. Qxf5+ Re6 0-1

[Event "*** Titled Tuesday Blitz"]
[Site "Chess.com"]
[Date "2021.03.30"]
[Round "8"]
[White "The_filthy"]
[Black "Terao90"]
[Result "0-1"]
[WhiteElo "2343"]
[BlackElo "2548"]
[TimeControl "180+1"]
[EndTime "11:29:16 PDT"]
[Termination "Terao90 won by resignation"]

1. e4 c5 2. Nf3 Nc6 3. d4 cxd4 4. Nxd4 g6 5. c4 Nf6 6. Nc3 d6 7. Nc2 Bg7 8. Be2 O-O 9. O-O Nd7 10. Be3 Bxc3 11.
bxc3 Qa5 12. Qd2 Nc5 13. f3 Be6 14. Nb4 Ne5 15. Nd5 Bxd5 16. cxd5 Rfc8 17. Rfc1 Na4 18. Bd4 Nc4 19. Qh6 f6 20. Bxc4 Rxc4 21. h4 Nxc3 22.
Rxc3 Rxc3 23. h5 Qb4 24. Bxc3 Qxc3 25. Rc1 Qd4+ 26. Kh1 g5 27. Rc7 Re8 28. f4 Qxe4 29.
fxg5 Qh4+ 30. Kg1 Qe1+ 31. Kh2 Qe5+ 32. Kh1 fxg5 33. Rxb7 Qxd5 34. Rb1 Rf8 35. Rb3 Rf1+ 36. Kh2 Qe5+ 37. Rg3 Rf5 38. Kh3 d5 39. Rg4 Qf6 40.
Qxf6 exf6 41. Rd4 Kf7 42. g4 Re5 43. Ra4 Re7 44. Ra5 Rd7 45. Kg3 d4 46. Kf3 d3 47.
Ke3 d2 0-1

[Event "*** Titled Tuesday Blitz"]
[Site "Chess.com"]
[Date "2021.03.30"]
[Round "8"]
[White "VladDobrov"]
[Black "Pelopidass"]
[Result "1-0"]
[WhiteElo "2756"]
[BlackElo "2575"]
[TimeControl "180+1"]
[EndTime "11:29:17 PDT"]
[Termination "VladDobrov won by resignation"]

1. b3 Nf6 2. Bb2 d5 3. e3 c5 4. Nf3 Nc6 5. Bb5 Bd7 6. O-O e6 7. d3 a6 8. Bxc6 Bxc6 9. Nbd2 Bd6 10. Ne5 Qc7 11. f4 b5 12. Ndf3 h6 13. Qe2 Bb7 14. a4 b4 15. c4 bxc3 16. Bxc3 d4 17. exd4 Nd5 18. Bd2 cxd4 19. Rac1 Qb6 20. Nc4 Qd8 21. f5 O-O 22. fxe6 Ne3 23. Bxe3 dxe3 24. Qxe3 Bd5 25.
exf7+ Rxf7 26. Nfe5 Rxf1+ 27. Rxf1 Qe7 28. Nxd6 Qxd6 29.
d4 Rb8 30. Nc4 Qe6 31. Qxe6+ Bxe6 32. Rf3 Rb4 33. Rc3 Bd5 34. Kf2 Kf8 35. g3 Ke7 36.
Ke3 Bxc4 37. bxc4 Rxa4 38. c5 Ra2 39. d5 Rxh2 40. Kd4 Rh1 41. Re3+ Kd7 42. c6+ Kc7 43. Re7+ Kd8 44. Rxg7 Rd1+ 45. Kc5 Ke8 46. d6 1-0

[Event "*** Titled Tuesday Blitz"]
[Site "Chess.com"]
[Date "2021.03.30"]
[Round "8"]
[White "slowdgehammer"]
[Black "volunteers1998"]
[Result "1/2-1/2"]
[WhiteElo "2361"]
[BlackElo "2195"]
[TimeControl "180+1"]
[EndTime "11:29:17 PDT"]
[Termination "Game drawn by repetition"]

1. e4 c5 2. Nf3 Nc6 3. Bb5 d6 4. O-O Bd7 5. Re1 Nf6 6. c3 e6 7. d4 cxd4 8. cxd4 Be7 9. Nc3 O-O 10. a3 a6 11. Bd3 Rc8 12. Bf4 b5 13. e5 dxe5 14.
dxe5 Nd5 15. Nxd5 exd5 16. Rc1 Qb6 17. Bb1 Be6 18. Qd3 g6 19. Bh6 Rfd8 20. Ng5 Qd4 21. Qf3 Nxe5 22. Qe2 Bg4 23. Qe3 Qxe3 24. fxe3 Bf6 25.
h3 Be6 26. Rf1 Rxc1 27. Rxc1 Rc8 28. Rf1 Bg7 29. Bxg7 Kxg7 30. e4 h6 31. Nxe6+ fxe6 32. Rd1 d4 33. Kh2 d3 34. Bxd3 Nxd3 35. Rxd3 Rc2 36.
Rd6 Rxb2 37. Rxe6 a5 38. Ra6 a4 39. Rb6 Rb3 40. e5 Kf7 41. h4 h5 42. g3 Rxa3 43.
Rxb5 Re3 44. Ra5 Ke6 45. Rxa4 Rxe5 46. Ra6+ Kf5 47. Kg2 Re3 48. Kf2 Rb3 49. Ra5+ Kf6 50.
Kg2 Rb2+ 51. Kh3 Rb3 52. Ra6+ Kf5 53. Ra5+ Kf6 54. Kg2 Ke6 55. Kf2 Kf6 56. Kg2 1/2-1/2

[Event "*** Titled Tuesday Blitz"]
[Site "Chess.com"]
[Date "2021.03.30"]
[Round "8"]
[White "TorFredrikKaasen"]
[Black "KuzubovYuriy"]
[Result "0-1"]
[WhiteElo "2741"]
[BlackElo "2865"]
[TimeControl "180+1"]
[EndTime "11:29:18 PDT"]
[Termination "KuzubovYuriy won by resignation"]

1. Nf3 d5 2. g3 Bg4 3. Bg2 Nd7 4. d4 e6 5. O-O Ngf6 6. b3 c6 7. Bb2 Bd6 8. c4 O-O 9. Nc3 h6 10. Re1 Bh5 11. e4 dxe4 12. Nxe4 Nxe4 13. Rxe4 Nf6 14.
Re1 Qe7 15. a3 Rfd8 16. Qd2 Qf8 17. b4 a5 18. bxa5 Bc7 19. Bc3 c5 20. Qb2 Bxa5 21. Bxa5 Rxa5 22. dxc5 Bxf3 23. Bxf3 Qxc5 24. Qb4 b6 25. Rab1 Rxa3 26. Bg2 Qxb4 27. Rxb4 Rd6 28. Reb1 Nd7 29. h4 g5 30. hxg5 hxg5 31. Rb5 f6 32.
Re1 Kf7 33. Reb1 Rad3 34. Bb7 Rd1+ 35. Rxd1 Rxd1+ 36. Kg2 Rd6 37. Bc8 Nc5 38. Rb1 f5 39.
Ra1 Kf6 40. Ra7 Rd2 41. Kf3 Rc2 42. Ra1 g4+ 43. Ke3 Rxc4 44. Rb1 Rc3+ 45. Ke2 Rc2+ 46. Ke3 Rc3+ 47. Ke2 Rb3 48. Rh1 Rb2+ 49. Ke3 e5 50. Rh6+ Kg5 51. Rc6 f4+ 52. gxf4+ exf4+ 53. Kd4 Rxf2 54. Rc7 g3 55. Rg7+ Kf6 56. Rg8 Ne6+ 57. Ke4 Ng5+ 0-1

[Event "*** Titled Tuesday Blitz"]
[Site "Chess.com"]
[Date "2021.03.30"]
[Round "8"]
[White "Duhless"]
[Black "Ranindu2003"]
[Result "1-0"]
[WhiteElo "3036"]
[BlackElo "2612"]
[TimeControl "180+1"]
[EndTime "11:29:18 PDT"]
[Termination "Duhless won by resignation"]

1. e4 e6 2. Nc3 d5 3. Nf3 Nf6 4. e5 Nfd7 5. Ne2 c5 6. c3 d4 7.
cxd4 cxd4 8. Nexd4 Nxe5 9. Bb5+ Nec6 10. O-O Bd7 11. Ne2 Be7 12. d4 O-O 13. a3 Bf6 14. Be3 Ne7 15. Bc4 Bc6 16. Nf4 g6 17. Rc1 Nf5 18. Re1 a5 19. d5 exd5 20. Nxd5 Nxe3 21.
Rxe3 Bxb2 22. Rb1 Bg7 23. Ne7+ Kh8 24. Qxd8 Rxd8 25. Ng5 Be8 26. Bxf7 Bf6 27. Nxg6+ hxg6 28. Rh3+ Kg7 29. Rh7+ Kf8 30. Ne6+ Ke7 31. Nxd8 Kxd8 32. Bxe8 Kxe8 33. Rbxb7 Nc6 34. g3 Rd8 35. Kg2 Ne7 36.
Rb6 Bd4 37. Re6 Rd7 38. Re4 Bf6 39. Re6 Bb2 40. a4 Bd4 41. Ra6 Bc3 42. Ra8+ Rd8 43. Ra6 Kf8 44. h4 Ke8 45. Ra7 Bf6 46. Rxa5 Bc3 47. Ra7 Rd2 48. Raxe7+ 1-0

[Event "*** Titled Tuesday Blitz"]
[Site "Chess.com"]
[Date "2021.03.30"]
[Round "8"]
[White "Alexander_Zubov"]
[Black "Jumbo"]
[Result "1-0"]
[WhiteElo "2979"]
[BlackElo "2797"]
[TimeControl "180+1"]
[EndTime "11:29:19 PDT"]
[Termination "Alexander_Zubov won on time"]

1. d4 d5 2. c4 e6 3. Nf3 Nf6 4. Nc3 Nbd7 5. cxd5 exd5 6. Bf4 c6 7. e3 Bb4 8. Bd3 O-O 9. O-O Re8 10. Qc2 h6 11. h3 Qe7 12. Rab1 a5 13. a3 Bxc3 14. Qxc3 Ne4 15. Qc2 a4 16. Rfe1 Qe6 17. Rec1 Ra7 18. b4 axb3 19. Rxb3 Qe7 20. Qb2 Nd6 21. Bxd6 Qxd6 22.
Bf5 Qc7 23. Rb4 Nf6 24. Bd3 Qd6 25. a4 Qd8 26. Ne5 Qa5 27. Rc5 Qd8 28. Rc3 Nd7 29.
Nf3 Qa5 30. Bf5 Qc7 31. Bxd7 Bxd7 32. Rc5 Be6 33. Ne5 Rea8 34. Qc2 f6 35. Ng6 Kf7 36. Nf4 Qd6 37. a5 Kg8 38. Qb1 Bc8 39. Qg6 Qe7 40.
Ra4 Qf7 41. Qb1 1-0

[Event "*** Titled Tuesday Blitz"]
[Site "Chess.com"]
[Date "2021.03.30"]
[Round "8"]
[White "tandaleo"]
[Black "UCantHandleDenker"]
[Result "0-1"]
[WhiteElo "2349"]
[BlackElo "2528"]
[TimeControl "180+1"]
[EndTime "11:29:20 PDT"]
[Termination "UCantHandleDenker won on time"]

1. Nf3 Nf6 2. g3 d6 3. Bg2 Nbd7 4. O-O e5 5. d4 Be7 6. c4 O-O 7. Nc3 c6 8. dxe5 dxe5 9. Qc2 Qc7 10. Rd1 Re8 11. b3 Bf8 12. Bb2 a5 13. a3 h6 14.
Nd2 Nc5 15. b4 axb4 16. axb4 Rxa1 17. Bxa1 Ne6 18. c5 Nd4 19. Qa2 Bg4 20. h3 Nxe2+ 21.
Nxe2 Bxe2 22. Re1 Ba6 23. Ne4 Nd5 24. Qb2 f5 25. Nc3 Nxc3 26. Qxc3 e4 27. h4 Qf7 28. Rd1 Bd3 29. Bf1 Bxf1 30. Kxf1 f4 31. gxf4 Qxf4 32. Rd7 Qg4 33. Rxb7 e3 34. fxe3 Rd8 35. Kf2 Qxh4+ 36.
Kf3 Qh3+ 37. Kf2 Qh2+ 38. Kf3 Qh1+ 39. Kf2 Qh4+ 40. Kf3 Qh5+ 41. Kf2 Qg6 42. b5 Rd3 43. Qc4+ Kh7 44. Kf3 Rd1 0-1

[Event "*** Titled Tuesday Blitz"]
[Site "Chess.com"]
[Date "2021.03.30"]
[Round "8"]
[White "moro182"]
[Black "Zkid"]
[Result "0-1"]
[WhiteElo "2735"]
[BlackElo "2852"]
[TimeControl "180+1"]
[EndTime "11:29:21 PDT"]
[Termination "Zkid won by checkmate"]

1. d4 d5 2. c4 dxc4 3. e3 e6 4. Bxc4 Nf6 5. Nf3 c5 6. O-O a6 7. dxc5 Qxd1 8. Rxd1 Bxc5 9. a3 b5 10. Be2 Bb7 11. b4 Be7 12. Bb2 O-O 13. Nbd2 Nbd7 14. Nb3 Bd5 15. Na5 Nb6 16. Bd4 Nfd7 17. Rac1 Rac8 18.
Nd2 e5 19. Ba1 Rxc1 20. Rxc1 Rc8 21. Rxc8+ Nxc8 22. e4 Be6 23. g3 Bg5 24. Nf3 Bc1 25. Nxe5 Nxe5 26. Bxe5 Bxa3 27. Bc3 Ne7 28. Kf1 f5 29. f3 fxe4 30. fxe4 Kf7 31. Ke1 Bc1 32. Kd1 Be3 33. Ke1 Bd7 34. Bd2 Bb6 35. Bd3 Ng6 36.
Bc3 Bh3 37. Bf1 Bxf1 38. Kxf1 Bxa5 39. bxa5 Ne7 40. Ke2 Nc6 41. Bd2 Ke6 42. Kd3 Ne5+ 43. Kc3 Nf3 44. Be3 Nxh2 45. Kd4 Ng4 46. Bf4 Nf6 47.
Kc5 Nxe4+ 48. Kb6 Kd7 49. Kxa6 Kc6 50. g4 b4 51. Ka7 b3 52. Be5 g6 53. a6 Nc5 54. Bd4 h5 55. gxh5 gxh5 56. Be5 h4 57.
Bf6 h3 58. Be5 h2 59. Bxh2 b2 60. Bg1 b1=Q 61. Bxc5 Kxc5 62. Ka8 Kc6 63. a7 Qb7# 0-1

[Event "*** Titled Tuesday Blitz"]
[Site "Chess.com"]
[Date "2021.03.30"]
[Round "8"]
[White "Mops_2004"]
[Black "GMHess"]
[Result "0-1"]
[WhiteElo "2518"]
[BlackElo "2755"]
[TimeControl "180+1"]
[EndTime "11:29:21 PDT"]
[Termination "GMHess won by resignation"]

1. Nf3 g6 2. d4 Bg7 3. c4 a6 4. e4 c5 5. Nc3 cxd4 6. Nxd4 Nc6 7. Be3 d6 8. Be2 Nf6 9. O-O O-O 10. Nc2 Be6 11.
Qd2 Qa5 12. f3 Rfc8 13. Rab1 Ne5 14. b3 b5 15. f4 Neg4 16. Bd4 b4 17. Nd5 Bxd5 18.
exd5 Ne4 19. Qd3 Bxd4+ 20. Nxd4 Ngf6 21. Bf3 Nc3 22. Rb2 Qc5 23. Kh1 a5 24. g4 a4 25. g5 Ne8 26. Bg4 Rc7 27. f5 axb3 28. axb3 Ng7 29. f6 exf6 30. gxf6 Ne8 31. Ne6 fxe6 32.
f7+ Rxf7 33. Bxe6 Ra7 34. Rbf2 Kg7 35. Rxf7+ Rxf7 36. Rxf7+ Kh8 37. Rf8+ Kg7 38. Rf7+ Kh8 39.
Qf1 h5 40. Rf8+ Kh7 41. Qf7+ Ng7 42. Qxg7+ Kxg7 43. Rg8+ Kf6 44. Rf8+ Kg5 45. Rf1 Qe3 46. Rg1+ Kh6 0-1